 Dungeon Crawl Stone Soup version 0.29-a0-613-gf2c431b9b9 (webtiles) character file.

Game seed: 7273804170995576636

8904 dolemite99 the Quickloader (level 11, -5/101 HPs)
             Began as a Minotaur Hunter on June 16, 2022.
             Was an Initiate of Gozag.
             Slain by a six-headed hydra (10 damage)
             ... on level 8 of the Dungeon.
             The game lasted 00:15:17 (15835 turns).

dolemite99 the Quickloader (Minotaur Hunter)       Turns: 15835, Time: 00:15:18

Health: -5/101     AC: 16    Str: 24    XL:     11   Next: 16%
Magic:  10/10      EV: 12    Int:  6    God:    Gozag
Gold:   157        SH:  0    Dex: 16    Spells: 10/10 levels left

rFire   . . .      SeeInvis .   a - +1 hand crossbow
rCold   + . .      Faith    .   (no shield)
rNeg    . . .      Spirit   .   d - +3 plate armour {rC+}
rPois   .          Reflect  .   (helmet restricted)
rElec   .          Harm     .   (no cloak)
rCorr   .          Rampage  .   (no gloves)
Will    .....                   (no boots)
Stlth   ..........              x - amulet of the acrobat
HPRegen 0.26/turn               r - +4 ring of evasion
MPRegen 0.12/turn               y - +6 ring of strength

@: no status effects
A: horns 2, retaliatory headbutt
a: Renounce Religion, Potion Petition, Call Merchant, Bribe Branch


You were on level 8 of the Dungeon.
You worshipped Gozag.
Gozag was aware of your devotion.
You visited 2 branches of the dungeon, and saw 10 of its levels.
You visited the Abyss 1 time.

You collected 3009 gold pieces.
You spent 1151 gold pieces at shops.
You paid 1701 gold pieces to Gozag.

Inventory:

Hand Weapons
 a - a +1 hand crossbow (weapon)
 b - a +0 scimitar
 f - a +2 vorpal dire flail
 l - the +3 hand axe of Idghoat {freeze, Will+ Dex+3}
   (You took it off a gnoll on level 8 of the Dungeon)

   It freezes those it strikes, dealing additional cold damage.
   It can also slow down cold-blooded creatures.
   Dex:       It affects your dexterity (+3).
   Will:      It increases your willpower.
 o - a +3 dagger of venom
 z - a +1 dagger of venom
 D - a +0 short sword
Missiles
 u - 30 poisoned darts
Armour
 d - a +3 plate armour of cold resistance (worn)
 g - a +0 leather armour
 s - a +1 chain mail
 E - a +2 pair of boots of flying
 H - a +0 kite shield
Jewellery
 h - an amulet of magic regeneration
 i - a ring of fire
 r - a +4 ring of evasion (left hand)
 x - an amulet of the acrobat (around neck)
 y - a +6 ring of strength (right hand)
 B - a ring of fire
Wands
 j - a wand of mindburst (11)
 F - a wand of flame (9)
Scrolls
 c - 3 scrolls of immolation
 m - a scroll of amnesia
 p - 3 scrolls of enchant armour
Potions
 e - 2 potions of attraction
 k - a potion of flight {unknown}
 n - a potion of mutation
 q - a potion of berserk rage {unknown}
 v - a potion of lignification {unknown}
 w - 4 potions of curing
 A - 3 potions of brilliance


   Skills:
 - Level 10.7 Fighting
 - Level 7.0(9.0) Short Blades
 + Level 9.5(10.7) Long Blades
 - Level 11.1 Crossbows
 - Level 7.1 Armour
 - Level 2.1 Dodging
 - Level 0.7 Stealth


You had 10 spell levels left.
You didn't know any spells.
Your spell library contained the following spells:

 Spells                   Type           Power      Damage    Failure   Level
 Apportation              Tloc           0%         N/A       100%        1
 Necrotize                Necr           0%         1d4       100%        1
 Summon Small Mammal      Summ           0%         N/A       100%        1
 Ensorcelled Hibernation  Hex/Ice        0%         N/A       100%        2
 Passwall                 Tmut/Erth      0%         N/A       100%        2
 Wereblood                Tmut           0%         N/A       100%        2
 Swiftness                Air            0%         N/A       100%        3
 Summon Ice Beast         Ice/Summ       0%         N/A       100%        4
 Alistair's Intoxication  Tmut/Pois      0%         N/A       100%        5
 Spellforged Servitor     Conj/Summ      0%         N/A       100%        7


Dungeon Overview and Level Annotations

Branches:
Dungeon (9/15)             Temple (0/1) D:4            Lair (1/6) D:8
    Orc: D:9-12

Altars:
Dithmenos
Elyvilon
Gozag

Shops:
D:5 *

Annotations:
D:6 Sigmund


Innate Abilities, Weirdness & Mutations

You have a pair of horns on your head.
You reflexively headbutt those who attack you in melee.


Message History

The six-headed hydra is lightly wounded.
The six-headed hydra barely misses you.
The six-headed hydra bites you but does no damage.
The six-headed hydra closely misses you.
The six-headed hydra bites you. x2; The six-headed hydra bites you!
Shoot: a) +1 hand crossbow
Press: ? - help, Q - select action, (/) - cycle Shift-Dir - straight line, f - six-headed hydra, p - wolf
Aim: a six-headed hydra (lightly wounded, 84% to hit)
You shoot a bolt.
The bolt hits the six-headed hydra but does no damage.
The six-headed hydra is lightly wounded.
The six-headed hydra bites you.
The six-headed hydra bites you but does no damage.
The six-headed hydra barely misses you. The six-headed hydra bites you.
The six-headed hydra bites you but does no damage.
The six-headed hydra closely misses you. x2
The six-headed hydra bites you but does no damage. x2
The six-headed hydra closely misses you.
The six-headed hydra bites you!
* * * LOW HITPOINT WARNING * * *
The six-headed hydra closely misses you.
Shoot: a) +1 hand crossbow
Press: ? - help, Q - select action, (/) - cycle Shift-Dir - straight line, f/p - six-headed hydra
Aim: a six-headed hydra (lightly wounded, 84% to hit)
You shoot a bolt. The bolt hits the six-headed hydra.
The six-headed hydra is lightly wounded.
The six-headed hydra bites you!
* * * LOW HITPOINT WARNING * * *
The six-headed hydra bites you but does no damage. x3
The six-headed hydra bites you!
* * * LOW HITPOINT WARNING * * *
The six-headed hydra misses you.
Shoot: a) +1 hand crossbow
Press: ? - help, Q - select action, (/) - cycle Shift-Dir - straight line, f/p - six-headed hydra
Aim: a six-headed hydra (lightly wounded, 84% to hit)
You shoot a bolt. The bolt hits the six-headed hydra.
The six-headed hydra is lightly wounded.
The six-headed hydra bites you!
You die...
Your body crumbles into a pile of gold.

###############.....# #.#
# ####.....## #.# #
#..'......# #.# #
#.##......# #.# #
#.#.......###.#
#.#.#.......#.# ########
#.#.#....)..#.#
.......#####.#.##..)∩).#.#
#####...##...#lD@...)..#.#
#...##...>h###.....#.#
#...##...#...........#
#####...####.#.###..#.####
..........))....##..#.#
#.....)..###.#..###...#
#.##.......#.#....#...#
#..........#.#.##.#...#
#..........#.#.##.#...#


You could see a six-headed hydra, a komodo dragon and a wolf.

Vanquished Creatures
  A deep elf pyromancer (D:9)
  An ugly thing (D:9)
  A kobold demonologist (D:9)
  A komodo dragon (Lair:1)
  3 trolls (D:9)
  A hornet (D:9)
  A blink frog (D:8)
  A wyvern (D:9)
  6 yaks
  A basilisk (Lair:1)
  A steam dragon (D:7)
  Edmund (D:6)
  Duvessa (D:6)
  5 water moccasins
  A sky beast (D:6)
  5 orc warriors
  3 ice beasts
  3 ogres
  11 wolves
  A centaur (D:9)
  6 bullfrogs
  2 kobold brigands
  4 scorpions
  3 gnoll sergeants
  3 wights (D:9)
  Dowan (D:6)
  6 killer bees
  3 howler monkeys
  3 hounds
  3 jellies
  7 orc priests
  A gnoll shaman (Lair:1)
  10 orc wizards
  An iguana (D:4)
  8 gnolls (D:8)
  4 adders
  A white imp (D:8)
  3 ufetubi
  4 worms
  4 dart slugs (D:1)
  24 orcs
  3 bats
  9 endoplasms
  7 goblins
  7 hobgoblins
  4 jackals (D:5)
  2 quokkas (D:3)
  7 ball pythons
  6 frilled lizards
  15 kobolds
  8 rats
218 creatures vanquished.

Vanquished Creatures (others)
  2 fungi (Lair:1)
  27 plants
29 creatures vanquished.

Grand Total: 247 creatures vanquished

Notes
Turn   | Place    | Note
-------+----------+-------------------------------------------
     0 | D:1      | dolemite99 the Minotaur Hunter began the quest for the Orb.
     0 | D:1      | Reached XP level 1. HP: 18/18 MP: 0/0
   275 | D:1      | Reached XP level 2. HP: 22/25 MP: 1/1
   281 | D:1      | Reached skill level 5 in Crossbows
   905 | D:1      | Reached XP level 3. HP: 14/30 MP: 2/2
  1139 | D:1      | Found a faded altar of an unknown god.
  1365 | D:1      | Prayed at the altar of an unknown god.
  1365 | D:1      | Became a worshipper of Gozag Ym Sagoz the Greedy
  1712 | D:2      | Reached skill level 1 in Short Blades
  1864 | D:2      | Found a shadowy altar of Dithmenos.
  1927 | D:2      | Got the Collected Works on Unstable Calling
  2462 | D:2      | Reached XP level 4. HP: 36/37 MP: 3/3
  2649 | D:3      | Reached skill level 6 in Crossbows
  2668 | D:3      | Reached XP level 5. HP: 32/42 MP: 4/4
  3330 | D:4      | Found a staircase to the Ecumenical Temple.
  3426 | D:4      | Noticed an ogre
  3433 | D:4      | Killed an ogre
  3434 | D:4      | Reached XP level 6. HP: 50/50 MP: 5/5
  3469 | D:4      | Identified the +6 longbow "Buisch" {freeze, rF+ Str+2}
  3524 | D:4      | Reached skill level 7 in Crossbows
  4267 | D:5      | Entered Level 5 of the Dungeon
  4279 | D:5      | Noticed a water moccasin
  4288 | D:5      | Killed a water moccasin
  4289 | D:5      | Reached skill level 5 in Short Blades
  4289 | D:5      | Reached XP level 7. HP: 34/56 MP: 6/6
  4964 | D:5      | Reached skill level 8 in Crossbows
  5023 | D:5      | Found Xydwogeh's Assorted Antiques.
  5029 | D:5      | Bought a scroll labelled NAAHUH NUNY for 33 gold pieces
  5029 | D:5      | Bought a scroll labelled JIXTEPS IHOSIZI for 33 gold pieces
  5029 | D:5      | Bought a scroll labelled AQU ISEMUTHRAYN for 33 gold pieces
  5029 | D:5      | Bought a fizzy cyan potion for 29 gold pieces
  5029 | D:5      | Bought a knobbly emerald ring for 165 gold pieces
  5044 | D:5      | Identified a scroll of acquirement
  5044 | D:5      | Acquired 1002 gold pieces
  5047 | D:5      | Bought a glowing plate armour for 858 gold pieces
  5759 | D:6      | Noticed Duvessa
  5760 | D:6      | Noticed Dowan
  5792 | D:6      | Noticed Edmund
  5806 | D:6      | Killed Edmund
  5937 | D:6      | Reached XP level 8. HP: 62/62 MP: 7/7
  6347 | D:6      | Reached skill level 1 in Long Blades
  6347 | D:6      | Reached skill level 9 in Crossbows
  6592 | D:6      | Noticed Sigmund
  7162 | D:7      | Reached skill level 10 in Crossbows
  7482 | D:7      | Reached skill level 5 in Long Blades
  7698 | D:7      | Reached XP level 9. HP: 32/68 MP: 8/8
  8072 | D:7      | Noticed a wizard
  8074 | D:7      | Cast into level 2 of the Abyss (a wizard)
  8093 | D:7      | Escaped the Abyss
  8094 | D:7      | Noticed a wizard
  8604 | D:8      | Reached skill level 11 in Crossbows
  8860 | D:8      | Identified the +3 hand axe of Idghoat {freeze, Will+ Dex+3}
  8883 | D:8      | Found a staircase to the Lair.
  9205 | D:7      | Reached skill level 1 in Armour
  9234 | D:7      | Banished a wizard
 10137 | D:6      | Killed Dowan
 10467 | D:6      | Killed Duvessa
 11755 | D:8      | Found a white marble altar of Elyvilon.
 11840 | D:9      | Noticed a kobold demonologist
 11855 | D:9      | Noticed a soul eater
 11858 | D:9      | Noticed an orange demon
 11858 | D:9      | Killed a kobold demonologist
 11953 | D:9      | Noticed a troll
 11974 | D:9      | Killed a troll
 11999 | D:9      | Noticed a deep elf pyromancer
 12007 | D:9      | Noticed a troll
 12012 | D:9      | Killed a deep elf pyromancer
 12013 | D:9      | Reached XP level 10. HP: 31/80 MP: 9/9
 12018 | D:9      | Reached skill level 5 in Fighting
 12944 | D:9      | Noticed a cyclops
 12950 | D:9      | Noticed a white ugly thing
 13518 | D:9      | Killed a white ugly thing
 13523 | D:9      | Reached skill level 10 in Fighting
 13778 | D:9      | Noticed a skeletal warrior
 14090 | Lair:1   | Entered Level 1 of the Lair of Beasts
 14800 | Lair:1   | Reached XP level 11. HP: 93/101 MP: 10/10
 15418 | Lair:1   | Noticed a six-headed hydra
 15834 | D:8      | HP: 5/101 [six-headed hydra (13)]
 15835 | D:8      | Slain by a six-headed hydra

Illustrated notes

Levels and vault maps discovered:
D:1:      roderic_crop_circles_arrival_small, layout_basic,
          chequers_ecumenical_altar_grove, minmay_circled_x
D:2:      layout_loops_corners, basic_altar, minmay_quantized
D:3:      layout_rooms, nrook_uturn
D:4:      layout_basic, minmay_temple_entry_large_hall, serial_bayou_lake_a
D:5:      nicolae_cairo_tiling_large_dashed, layout_cave_pods, serial_shops,
          nicolae_shop_statue_plus, hangedman_abyss_or_decor_stagger
D:6:      layout_loops_ring, uniq_edmund, uniq_duvessa, uniq_sigmund
D:7:      cheibrodos_wizards_tower, layout_loops_ring,
          kennysheep_generic_room_11
D:8:      layout_basic, mainiacjoe_overflow_alcove_2, lair_entry_dummy,
          enter_bailey_2
D:9:      minmay_the_grid_4x2 [minmay_the_grid_doors,
          minmay_the_grid_minigrid_small_alt, minmay_the_grid_medium_cups,
          minmay_the_grid_spin_star, minmay_the_grid_slots,
          minmay_the_grid_broken_lines, minmay_the_grid_large_cup,
          minmay_the_grid_prize_shrinking_boxes], layout_loops_ring, erik_orc_1
Lair:1:   layout_chaotic_city, dreamdust_gnoll_shepherd, grunt_megastairs_3

Skill      XL: |  1  2  3  4  5  6  7  8  9 10 11 |
---------------+----------------------------------+-----
Crossbows      | 5 6 7 8 10 11 | 11.1
Short Blades   | 2 4 5 6 7 |  7.0
Long Blades    | 5 7 8 9 |  9.5
Armour         | 7 |  7.1
Fighting       | 4 10 | 10.7
Dodging        | |  2.1
Stealth        | |  0.7

Action                   |  1- 3 |  4- 6 |  7- 9 | 10-12 || total
-------------------------+-------+-------+-------+-------++-------
Melee: Dagger            |    59 |    63 |   211 |    32 ||   365
       Headbutt          |    16 |    13 |    44 |    49 ||   122
       Punch             |       |     2 |     4 |     4 ||    10
       Scimitar          |       |       |       |   192 ||   192
 Fire: Hand crossbow     |    36 |    77 |   200 |    96 ||   409
Invok: Potion Petition   |       |       |     1 |     3 ||     4
Evoke: Wand              |       |       |       |     2 ||     2
  Use: Potion            |       |     2 |     5 |     1 ||     8
       Scroll            |       |       |    12 |     9 ||    21
 Stab: Invisible         |       |       |     4 |     1 ||     5
       Distracted        |       |       |     1 |     1 ||     2
Armor: Ring mail         |    27 |    16 |       |       ||    43
       Leather armour    |     1 |       |       |       ||     1
       Chain mail        |       |    15 |    10 |       ||    25
       Plate armour      |       |       |   120 |   170 ||   290
Dodge: Dodged            |    38 |    73 |   157 |   224 ||   492

Table legend: (Time is in decaauts)
 A = Elapsed time spent in this place.
 B = Non-inter-level travel time spent in this place.
 C = Inter-level travel time spent in this place.
 D = Time resting spent in this place.
 E = Time spent auto-exploring this place.
 F = Levels seen in this place.
 G = Mean time per level.
                   A        B        C        D        E       F      G
               +--------+--------+--------+--------+--------+-----+--------+
         Total |  15896 |  15471 |    425 |   6444 |   6476 |  11 | 1445.1 |
       Dungeon |  14499 |  14075 |    424 |   5985 |   5843 |   9 | 1611.0 |
          Lair |   1378 |   1378 |      0 |    450 |    633 |   1 | 1378.0 |
         Abyss |     18 |     18 |      0 |      9 |      0 |   1 |   18.0 |
               +--------+--------+--------+--------+--------+-----+--------+

Top non-repeatable levels by time:
     D:5: 2317 daAuts
     D:7: 2161 daAuts
     D:9: 2122 daAuts
     D:8: 2040 daAuts
     D:1: 1574 daAuts
     D:6: 1538 daAuts
  Lair:1: 1378 daAuts
     D:4: 1016 daAuts
     D:2: 982 daAuts
     D:3: 744 daAuts
 Abyss:2: 18 daAuts
